 Dungeon Crawl Stone Soup version 0.19-a0-488-gf8766cc (console) character file.

597 Dingbat the Slasher (level 7, -5/57 HPs)
             Began as a Demonspawn Chaos Knight on June 5, 2016.
             Slain by a mummy (7 damage)
             ... in an ossuary.
             The game lasted 00:09:51 (2965 turns).

Dingbat the Slasher (Demonspawn Chaos Knight)       Turns: 2965, Time: 00:09:52

Health: -5/57      AC:  5    Str: 12      XL:     7   Next: 17%
Magic:  0/7        EV: 11    Int: 14      God:    Xom [..*...]
Gold:   192        SH:  0    Dex:  6 (8)  Spells: 2 memorised, 4 levels left

rFire  . . .     SeeInvis .     a - +2 falchion (chaos)
rCold  + . .     Gourm    .     b - +2 leather armour
rNeg   . . .     Faith    .     (no shield)
rPois  .         Spirit   +     (helmet restricted)
rElec  .         Dismiss  .     (no cloak)
rCorr  .         Reflect  .     (no gloves)
SustAt .         Harm     .     (no boots)
MR     .....                    (no amulet)
Stlth  +.........               (no ring)
                                o - -6 ring of dexterity (curse)

@: marked, not resistant to hostile enchantments, very unstealthy
A: beak, claws 1, talons 1, blink, cold resistance 1, regeneration 1, robust 1,
evolution 1, magic shield, magic regeneration, magic link
a: Blink, Renounce Religion


You were in an ossuary.
You worshipped Xom.
You were a toy of Xom.
You were not hungry.

You visited 1 branch of the dungeon, and saw 5 of its levels.
You also visited: Ossuary.

You collected 192 gold pieces.

Inventory:

Hand Weapons
 a - a +2 falchion of chaos (weapon)
 q - a +0 falchion of freezing
Missiles
 h - 7 poisoned tomahawks (quivered)
 j - 16 sling bullets
Armour
 b - a +2 leather armour (worn)
Jewellery
 o - a cursed -6 ring of dexterity (left claw)
Wands
 k - a wand of polymorph (15/24)
 r - a wand of flame (33/48)
Scrolls
 m - a scroll of identify
 n - 2 scrolls of teleportation
Potions
 e - a potion of mutation {unknown}
 f - a potion of flight
 g - a potion of degeneration {unknown}
 p - a potion of might
 t - a potion of cancellation {unknown}
Books
 l - a book of Party Tricks

   Spells                             Type                      Level
   a - Summon Butterflies             Summoning                    1
   b - Apportation                    Translocation                1
   c - Tukima's Dance                 Hexes                        3
   d - Alistair's Intoxication        Transmutation/Poison         5
   e - Invisibility                   Hexes                        6
 s - a book of Conjurations

   Spells                             Type                      Level
   a - Magic Dart                     Conjuration                  1
   b - Searing Ray                    Conjuration                  2
   c - Dazzling Spray                 Conjuration/Hexes            3
   d - Fulminant Prism                Conjuration/Hexes            4
   e - Iskenderun's Mystic Blast      Conjuration                  4
   f - Iskenderun's Battlesphere      Conjuration/Charms           5
Comestibles
 c - 3 bread rations
 d - 11 royal jellies
 i - a slice of pizza


   Skills:
 - Level 3.6 Fighting
 + Level 7.2 Long Blades
 - Level 0.1 Throwing
 - Level 2.1 Armour
 - Level 1.0 Dodging


You had 4 spell levels left.
You knew the following spells:

 Your Spells              Type           Power        Failure   Level  Hunger
a - Apportation           Tloc           #.........   38%         1    ##.....
b - Summon Butterflies    Summ           #.......     38%         1    ##.....


Dungeon Overview and Level Annotations

Branches:
Dungeon (5/15)
 Temple: D:4-7

Altars:
Ashenzari
Nemelex Xobeh
Qazlal
Xom

Annotations:
D:3 Nyaaners's ghost, amateur NaWz
D:5 Edmund


Innate Abilities, Weirdness & Mutations

You have sharp toenails.
When hurt, damage is shared between your health and your magic reserves.
You regenerate magic rapidly.
When low on magic, you restore magic in place of health.
You have a beak for a mouth.
You have sharp fingernails.
You can translocate small distances at will.
Your flesh is cold resistant. (rC+)
Your natural rate of healing is unusually fast.
You are robust. (+10% HP)
You evolve.


Message History

The mummy closely misses you. x2; The mummy barely misses you.
You hit the mummy but do no damage. Your peck misses the mummy.
The mummy is heavily damaged.
You hit the mummy but do no damage. You claw the mummy, but do no damage.
The mummy is heavily damaged.
The mummy hits you but does no damage. The mummy closely misses you.
The mummy hits you but does no damage.
Press: ? - help, v - describe, . - travel
Here: a mummy (heavily damaged)
An open door.
You hit the mummy.
The mummy is severely damaged.
You hit the mummy.
The mummy is almost destroyed.
The mummy hits you.
* * * LOW HITPOINT WARNING * * *
The mummy hits you!
* * * LOW HITPOINT WARNING * * *
The mummy hits you!
You die...

###############
##################
#######..............
######......####.....
#####......##..##....
#####.....##....##...
#####................
######..M............
#######@M............
#######M##........##+#
#######^.##......##..#
######....##....##....
#####......#....#.....∆
####$......#....#....!∆∆
####$?!....#....#..... ∆
####$$.....#....#.....∆∆
#####$!!...#....#...!?∆


You could see 3 mummies.

Vanquished Creatures
  An ice beast (D:5)
  A centaur (D:3)
  A howler monkey (D:5)
  A quasit (D:5)
  A centaur skeleton (D:5)
  An orc wizard (D:5)
  A worker ant (D:4)
  2 hound skeletons
  4 mummies (Ossuary)
  Robin (D:2)
  3 gnolls (D:4)
  4 adders
  A shadow imp (D:5)
  An ooze (D:1)
  2 adder skeletons
  A worm (D:2)
  2 giant geckos (D:2)
  A kobold (shapeshifter) (D:2)
  8 orcs
  4 bats
  4 giant cockroaches
  4 gnoll zombies (Ossuary)
  14 goblins
  9 hobgoblins
  5 jackals
  3 quokkas
  4 giant newts (D:2)
  A hobgoblin zombie (Ossuary)
  6 kobolds
  A kobold zombie (Ossuary)
  2 orc zombies (Ossuary)
  7 rats
101 creatures vanquished.

Vanquished Creatures (others)
  2 ball lightnings (D:5)
  A mummy (Ossuary)
  3 orcs (D:5)
  A giant gecko skeleton (D:5)
  3 kobolds (D:5)
10 creatures vanquished.

Grand Total: 111 creatures vanquished

Notes
Turn   | Place    | Note
--------------------------------------------------------------
     0 | D:1      | Dingbat the Demonspawn Chaos Knight began the quest for the Orb.
     0 | D:1      | Reached XP level 1. HP: 18/18 MP: 1/1
    20 | D:1      | XOM: silly message
    86 | D:2      | XOM: 1-stop teleportation journey
   122 | D:2      | XOM: god gift: 13 royal jellies
   132 | D:2      | Gained mutation: When hurt, damage is shared between your health and your magic reserves. [demonic ancestry]
   132 | D:2      | Reached XP level 2. HP: 14/24 MP: 2/2
   284 | D:3      | Reached skill level 3 in Long Blades
   360 | D:3      | XOM: polymorph something unseen -> quokka
   394 | D:2      | XOM: vitrification
   645 | D:1      | XOM: god gift: 8 poisoned tomahawks
   685 | D:1      | XOM: god gift: 16 sling bullets
   782 | D:2      | Reached skill level 1 in Dodging
   782 | D:2      | Gained mutation: You regenerate magic rapidly. [demonic ancestry]
   782 | D:2      | Reached XP level 3. HP: 24/29 MP: 1/3
   877 | D:2      | Noticed Jessica
   887 | D:2      | Jessica changed into Jessica the kobold
   887 | D:2      | XOM: polymorph Jessica -> Jessica the kobold
   957 | D:3      | Noticed Nyaaners's ghost (amateur NaWz)
  1025 | D:2      | XOM: give mutations
  1025 | D:2      | Gained mutation: Your flesh is cold resistant. (rC+) [Xom's grace]
  1025 | D:2      | Gained mutation: You have a beak for a mouth. [Xom's grace]
  1062 | D:2      | XOM: polymorph adder -> bat
  1081 | D:2      | Noticed Robin
  1108 | D:2      | Reached XP level 4. HP: 34/36 MP: 4/4
  1193 | D:1      | XOM: scenery: create altars
  1327 | D:1      | XOM: god gift: metal-bound book {god gift}
  1330 | D:1      | XOM: divination: magic mapping
  1332 | D:1      | Learned a level 1 spell: Apportation
  1334 | D:1      | Learned a level 1 spell: Summon Butterflies
  1344 | D:1      | XOM: scenery: create altars
  1400 | D:1      | Reached skill level 4 in Long Blades
  1535 | D:2      | XOM: give mutations
  1535 | D:2      | Gained mutation: You can translocate small distances at will. [Xom's grace]
  1535 | D:2      | Gained mutation: You have sharp fingernails. [Xom's grace]
  1707 | D:2      | Killed Robin
  1739 | D:2      | XOM: give mutations
  1739 | D:2      | Gained mutation: Your natural rate of healing is unusually fast. [Xom's grace]
  1739 | D:2      | Gained mutation: You are robust. (+10% HP) [Xom's grace]
  1739 | D:2      | Gained mutation: You have large cloven feet. [Xom's grace]
  1739 | D:2      | Gained mutation: You evolve. [Xom's grace]
  1792 | D:2      | XOM: vitrification
  2103 | D:3      | XOM: fog
  2151 | D:3      | Noticed a centaur
  2161 | D:3      | Killed a centaur
  2161 | D:3      | Reached skill level 5 in Long Blades
  2161 | D:3      | Reached XP level 5. HP: 11/45 MP: 1/5
  2254 | D:3      | Found a sparkling altar of Nemelex Xobeh.
  2261 | D:3      | You fall through a shaft!
  2297 | D:4      | Found a shattered altar of Ashenzari.
  2305 | D:4      | Gained mutation: When low on magic, you restore magic in place of health. [demonic ancestry]
  2305 | D:4      | Reached XP level 6. HP: 17/51 MP: 2/6
  2464 | D:4      | Found a stormy altar of Qazlal.
  2478 | D:4      | You fall through a shaft!
  2478 | D:5      | Entered Level 5 of the Dungeon
  2478 | D:5      | Noticed an ice beast
  2487 | D:5      | XOM: fog
  2527 | D:5      | Killed an ice beast
  2527 | D:5      | Reached skill level 6 in Long Blades
  2561 | D:5      | XOM: 3-stop teleportation journey
  2573 | D:5      | Found a sand-covered staircase.
  2611 | D:5      | Noticed Edmund
  2728 | D:5      | XOM: cast spell 'Conjure Ball Lightning'
  2730 | D:5      | Lost mutation: You have large cloven feet. [demonic ancestry]
  2730 | D:5      | Gained mutation: You have sharp toenails. [demonic ancestry]
  2730 | D:5      | Reached XP level 7. HP: 22/57 MP: 2/7
  2733 | Ossuary  | Entered an ossuary
  2781 | Ossuary  | XOM: vitrification
  2803 | Ossuary  | XOM: vitrification
  2811 | Ossuary  | Reached skill level 7 in Long Blades
  2846 | Ossuary  | XOM: cloud trail
  2930 | Ossuary  | XOM: divination: detect creatures
  2937 | Ossuary  | XOM: enchant monster (good)
  2948 | Ossuary  | XOM: vitrification
  2952 | Ossuary  | XOM: divination: detect items
  2965 | Ossuary  | HP: 2/57 [mummy (9)]
  2965 | Ossuary  | Slain by a mummy

Vault maps used:
D:1:      dpeg_arrival_shelter, minmay_misc_feat_plants, nrook_uturn,
          minmay_misc_feat_five, hangedman_abyss_or_decor_stabs
D:2:      hangedman_glass_teeth, minmay_misc_feat_pillars, hex_intersection,
          uniq_jessica, uniq_robin
D:3:      kennysheep_six_static_rooms, nemelex_spade_bored_becter
D:4:      grunt_temple_overflow_champion_of_chaos, old_standard_altar,
          nicolae_qazlal_general_emergency, eino_small_chamber_without_monster
D:5:      nicolae_ossuary_entry_monument, first_bread, lemuel_old_faithful,
          uniq_edmund
Ossuary:  ossuary_tomb_3

Skill      XL: |  1  2  3  4  5  6  7 |
---------------+----------------------+-----
Long Blades    | 3 5 6 7 |  7.2
Armour         | 2 |  2.1
Dodging        | 1 |  1.0
Fighting       | |  3.6
Throwing       | |  0.1

Action                   |  1- 3 |  4- 6 |  7- 9 || total
-------------------------+-------+-------+-------++-------
Melee: Falchion          |   103 |   185 |    47 ||   335
       Unarmed           |     5 |       |       ||     5
       Peck              |     2 |    20 |     5 ||    27
       Kick              |       |    23 |    11 ||    34
Throw: Tomahawk          |     4 |     8 |       ||    12
 Cast: Summon Butterflie |       |     1 |     8 ||     9
 Abil: Blink             |       |     3 |       ||     3
  Use: Scroll            |       |     8 |       ||     8
       Potion            |       |     1 |     1 ||     2
 Stab: Paralysed         |     1 |       |       ||     1
  Eat: Chunk             |     1 |     3 |       ||     4
       Royal jelly       |       |     1 |     1 ||     2
Armor: Leather armour    |    42 |    94 |     7 ||   143
       Skin              |     1 |       |       ||     1
Dodge: Dodged            |    58 |   118 |    31 ||   207
